 Dungeon Crawl Stone Soup version bcrawl-1.37.1 (webtiles) character file.

Game seed: 7393000180591682563

275424 Mehrunes the Destroyer (level 12, -11/91 HPs)
             Began as a Demonspawn Fire Elementalist on Oct 23, 2022.
             Was a High Priest of Sif Muna.
             Mangled by a death ooze (31 damage)
             ... in a Gauntlet.
             The game lasted 01:00:17 (18034 turns).

Mehrunes the Destroyer (DsFE)                      Turns: 18034, Time: 01:00:18

Health: -11/91     AC: 10    Str: 10    XL:     12   Next: 15%
Magic:  18/23      EV: 14    Int: 20    God:    Sif Muna [*****.]
Gold:   1094       SH:  0    Dex: 17    Spells: 1/26 levels left

rFire    + . .     GDR:     28% R - staff of cold
rCold    + . .     SeeInvis .   (no shield)
rNeg     . . .     Gourm    .   E - +2 robe {MR+}
rPois    .         Faith    .   V - +1 hat
rElec    .         Spirit   .   A - +0 cloak
rCorr    .         Reflect  .   (no gloves)
MR       +....     NoTele   +   (boots unavailable)
Stlth    +++.......             P - amulet of the acrobat
HPRegen  0.25/turn              m - ring of fire
MPRegen  0.18/turn              Q - +4 ring of protection

@: constricted
A: hooves 3, flexible skeleton 1, cold resistance 1, demonic guardian 1,
freezing cloud immunity
a: Divine Energy, Channel Magic, Forget Spell, Moment of Magic, Renounce
Religion


You were in a Gauntlet.
You worshipped Sif Muna.
Sif Muna was extremely pleased with you.
You were not hungry.

You visited 3 branches of the dungeon, and saw 15 of its levels.
You also visited: Sewer and Gauntlet.

You collected 1094 gold pieces.

Inventory:

Hand Weapons
 f - a +0 dagger
 h - a +2 dagger of freezing
 p - a +0 falchion
 L - a +0 whip of electrocution
Missiles
 d - 2722 stones (quivered)
 H - 48 poisoned tomahawks
Armour
 A - a +0 cloak (worn)
 E - a +2 robe of magic resistance (worn)
 V - a +1 hat (worn)
Magical Staves
 R - an uncursed staff of cold (weapon)
 U - an uncursed staff of cold
Jewellery
 m - a ring of fire (left hand)
 t - a +6 ring of intelligence
 v - an uncursed ring of poison resistance {unknown}
 O - a +3 ring of intelligence
 P - an amulet of the acrobat (around neck)
 Q - a +4 ring of protection (right hand)
 S - an uncursed ring of protection from cold
 T - an uncursed ring of flight
 Y - a cursed ring of teleportation {unknown}
Wands
 c - a wand of flame (4)
 J - a wand of polymorph (13)
 N - a wand of paralysis (9)
 X - a wand of random effects (13)
Scrolls
 g - 8 scrolls of remove curse
 q - a scroll of noise {unknown}
 r - 3 scrolls of fog
 x - 2 scrolls of magic mapping
 y - 9 scrolls of teleportation
 B - 2 scrolls of enchant armour
 F - 2 scrolls of amnesia {unknown}
 I - 2 scrolls of silence
 W - 2 scrolls of immolation {unknown}
Potions
 j - 4 potions of agility
 k - a potion of invisibility
 l - a potion of cancellation {unknown}
 n - 5 potions of heal wounds
 o - 4 potions of ambrosia
 s - 5 potions of brilliance
 u - a potion of haste {unknown}
 z - 6 potions of curing
 C - 3 potions of degeneration
 D - 5 potions of flight
 G - 4 potions of lignification
 K - 2 potions of mutation
 M - a potion of might {unknown}
Miscellaneous
 Z - a phantom mirror
Comestibles
 e - 22 rations {!d}


   Skills:
 - Level 7.0 Fighting
 - Level 4.0 Short Blades
 - Level 7.0 Dodging
 - Level 5.0 Stealth
 + Level 7.7 Spellcasting
 - Level 9.3 Conjurations
 - Level 3.0 Summonings
 - Level 9.1 Fire Magic
 + Level 4.2 Invocations


You had one spell level left.
You knew the following spells:

 Your Spells              Type           Power        Failure   Level  Hunger
a - Flame Tongue          Conj/Fire      #####        1%          1    None
b - Conjure Flame         Conj/Fire      ######..     1%          3    None
c - Sticky Flame          Conj/Fire      ######..     1%          4    ###....
d - Fireball              Conj/Fire      ######....   5%          5    #####..
e - Summon Butterflies    Summ           ###.....     2%          1    None
f - Passwall              Tmut/Erth      #.......     13%         2    None
g - Fire Storm            Conj/Fire      ######....   100%        9    #######

Your spell library contained the following spells:

 Spells                   Type           Power        Failure   Level  Hunger
 Magic Dart               Conj           ####         1%          1    None
 Apportation              Tloc           #.....       9%          1    None
 Corona                   Hex            #......      9%          1    None
 Infusion                 Chrm           #.......     9%          1    None
 Sandblast                Erth           #.....       9%          1    None
 Slow                     Hex            #.......     9%          1    None
 Flaming Arrows           Chrm/Fire      #####...     1%          2    None
 Call Imp                 Summ           ###...       3%          2    None
 Inner Flame              Hex/Fire       N/A          4%          3    None
 Ignite Poison            Fire/Tmut/Pois ####....     8%          3    None
 Mephitic Cloud           Conj/Pois/Air  ###.....     8%          3    None
 Blink                    Tloc           N/A          13%         2    None
 Beckoning                Tloc           #.........   26%         3    None
 Spider Form              Tmut/Pois      #..          26%         3    None
 Tukima's Dance           Hex            #.......     26%         3    None
 Ice Form                 Ice/Tmut       ##......     65%         4    None
 Bolt of Cold             Conj/Ice       #####.....   89%         6    None
 Freezing Cloud           Ice/Air        ##......     94%         5    None
 Metabolic Englaciation   Hex/Ice        ##........   94%         5    None
 Deflect Missiles         Chrm/Air       #.........   100%        6    ######.
 Invisibility             Hex            #.......     100%        6    ######.
 Ozocubu's Refrigeration  Ice            ##........   100%        6    None
 Simulacrum               Ice/Necr       ##......     100%        6    None
 Monstrous Menagerie      Summ           ###.......   100%        7    #######


Dungeon Overview and Level Annotations

Branches:
Dungeon (10/12)            Temple (1/1) D:7            Lair (4/6) D:7
  Snake (0/3) Lair:4       Spider (0/3) Lair:2          Orc (0/1) D:8

Altars:
Ashenzari
Cheibriados
Dithmenos
Fedhas
Gozag
Hepliaklqana
Kikubaaqudgha
Lugonu
Makhleb
Nemelex Xobeh
Okawaru
Qazlal
Ru
Sif Muna
Trog
Uskayaw
Vehumet
Wu Jian
Xom
Yredelemnul

Portals:
Abyss: Lair:2

Annotations:
Lair:1 1 runed translucent door, yrara's ghost, novice DsFi Gauntlet 17 transporters, exclusion: orange crystal statue


Innate Abilities, Weirdness & Mutations

You have hooves in place of feet.
Your skeleton is somewhat flexible. (Dex +3)
Your flesh is cold resistant. (rC+)
A weak demonic guardian rushes to your aid.
You are immune to freezing clouds.


Message History

Aiming: Flame Tongue (safe; 1% risk of failure)
Press: ? - help, Shift-Dir - straight line, f/p - death ooze
Aim: a death ooze (moderately damaged, constricting you, covered in liquid flames)
You feel a surge of power!
The flame tongue hits the death ooze!
The death ooze is heavily damaged.
The death ooze burns!
The death ooze hits you!
* * * LOW HITPOINT WARNING * * *
The death ooze constricts you!!
Your shadow imp hits the death ooze.
Okay, then.
Okay, then.
Okay, then.
Okay, then.
Unknown command.
Press: ? - help, v - describe, . - travel
Here: a death ooze (severely damaged, constricting you, covered in liquid flames)
Okay, then.
Okay, then.
You feel much better.
The death ooze burns!
The death ooze hits you.
* * * LOW HITPOINT WARNING * * *
You die...

###
#################∩###############
.................∩...............
.................©...............
###########.###########.#########
#.........#.#.........#.#wY......
#......PP.#.#..##.##..#.#Y##...##
#=.#P..#..#.#.#5J#..#.#.#.#.#.#.#
#..PP..PP.#.#.#.@#..#.#.#..##.##.
#©...©....#.#..#####..#.#..#.©.#.
#!.P....P.#.#.#..#..#.#.#..##.##.
#.P#...#P.#.#.#..#..#.#.#.#.# #.#
#...P..P..#.#..##.##..#.#.##...##
#J........#.#...%©)...#.#........
#################################
#.....#©.........©.........©#....
#################################


You could see a death ooze (burning) and a friendly shadow imp.

Vanquished Creatures
  A hydra (Lair:3)
  Sonja (Lair:1)
  Pikel (D:6)
  A cyclops (D:9)
  An ugly thing (D:10)
  2 black mambas
  4 cane toads
  A rime drake (Lair:2)
  3 komodo dragons (Lair:1)
  2 trolls
  2 hornets (D:10)
  4 blink frogs (Lair:2)
  3 hippogriffs
  A spriggan (D:7)
  6 yaks
  A hungry ghost (D:10)
  A basilisk (Lair:1)
  A naga (Lair:4)
  4 wargs (D:10)
  2 water moccasins
  5 crocodiles
  4 porcupines (Lair:1)
  2 orc warriors
  3 slaves (D:6)
  2 sky beasts
  4 ice beasts
  4 phantoms
  A black bear (Lair:3)
  8 wolves
  2 ogres (D:5)
  2 kobold brigands
  9 bullfrogs
  A gnoll sergeant (D:8)
  3 centaurs
  6 scorpions
  A water moccasin skeleton (D:9)
  3 troll zombies (D:8)
  7 wights
  4 howler monkeys
  2 vampire bats (D:3)
  2 orc priests
  An electric eel (D:7)
  4 crimson imps
  7 hounds
  2 jellies
  An iron imp (D:8)
  3 orc wizards
  7 iguanas
  5 bullfrog skeletons
  7 worker ants
  A killer bee zombie (D:8)
  5 ogre zombies (D:8)
  A howler monkey zombie (D:5)
  A worker ant zombie (D:5)
  7 gnolls
  2 river rats (Sewer)
  8 adders
  An ooze (D:1)
  8 worms
  2 dart slugs
  4 leopard geckos
  25 orcs
  5 bats (D:1)
  5 bat skeletons (D:3)
  A bat zombie (D:3)
  8 goblins
  10 hobgoblins
  7 jackals
  16 kobolds
  3 quokkas
  2 ball pythons (D:3)
  2 frilled lizards
  3 goblin zombies (D:8)
  2 hobgoblin skeletons (D:8)
  3 hobgoblin zombies (D:8)
  A jackal skeleton (D:4)
  5 orc skeletons (D:8)
  11 orc zombies (D:8)
  A quokka skeleton (D:4)
  8 rats
  A lurking horror (Lair:2)
313 creatures vanquished.

Vanquished Creatures (collateral kills)
  A blink frog (Lair:2)
  2 hippogriffs
  A yak (Lair:2)
  An ogre (D:5)
  Blork the orc (D:5)
  A water moccasin zombie (D:7)
  A crimson imp (D:10)
  A hound (D:7)
  2 orcs
  An orc skeleton (D:8)
12 creatures vanquished.

Vanquished Creatures (others)
  A slave (D:6)
  5 fungi (Lair:2)
  13 plants
19 creatures vanquished.

Grand Total: 344 creatures vanquished

Notes
Turn   | Place    | Note
-------+----------+-------------------------------------------
     0 | D:1      | Mehrunes the Demonspawn Fire Elementalist began the quest
                  | for the Orb.
     0 | D:1      | Reached XP level 1. HP: 13/13 MP: 3/3
   121 | D:1      | Gained mutation: A weak demonic guardian rushes to your
                  | aid. [demonic ancestry]
   121 | D:1      | Reached XP level 2. HP: 16/19 MP: 0/5
  1148 | D:2      | Gained mutation: You have large cloven feet. [demonic
                  | ancestry]
  1148 | D:2      | Reached XP level 3. HP: 22/24 MP: 1/6
  1313 | D:2      | Learned a level 3 spell: Conjure Flame
  1324 | D:2      | Reached XP level 4. HP: 30/30 MP: 0/7
  1703 | D:2      | Found an iron altar of Okawaru.
  1714 | D:2      | Found a bloodstained altar of Trog.
  2217 | D:2      | Gained mutation: You have hoof-like feet. [demonic
                  | ancestry]
  2217 | D:2      | Reached XP level 5. HP: 25/35 MP: 8/8
  3763 | D:3      | Gained mutation: Your flesh is cold resistant. (rC+)
                  | [demonic ancestry]
  3763 | D:3      | Reached XP level 6. HP: 41/41 MP: 6/9
  3792 | D:3      | Learned a level 4 spell: Sticky Flame
  3803 | D:3      | Found an ancient bone altar of Kikubaaqudgha.
  3810 | D:3      | Reached skill level 5 in Fire Magic
  4196 | D:4      | Reached skill level 5 in Conjurations
  4198 | D:4      | Reached skill level 1 in Fighting
  4257 | D:4      | Reached skill level 1 in Short Blades
  4539 | D:4      | Found a glowing drain.
  4552 | D:4      | Gained mutation: Your skeleton is somewhat flexible. (Dex
                  | +3) [demonic ancestry]
  4552 | D:4      | Reached XP level 7. HP: 45/48 MP: 4/10
  4590 | Sewer    | Entered a sewer
  4828 | Sewer    | Found a white marble altar of Elyvilon.
  5385 | D:5      | Entered Level 5 of the Dungeon
  5604 | D:5      | Noticed Blork the orc
  5617 | D:5      | Killed Blork the orc
  5638 | D:5      | Reached XP level 8. HP: 46/58 MP: 5/12
  6068 | D:5      | Learned a level 5 spell: Fireball
  7154 | D:6      | Noticed Pikel
  7263 | D:6      | Killed Pikel
  7264 | D:6      | Reached skill level 5 in Dodging
  7264 | D:6      | Reached XP level 9. HP: 63/63 MP: 1/15
  8506 | D:7      | Reached skill level 5 in Stealth
  8595 | D:7      | Learned a level 1 spell: Summon Butterflies
  9132 | D:7      | Found a staircase to the Lair.
  9146 | D:7      | Noticed a troll
  9156 | D:7      | Killed a troll
  9161 | D:7      | Found a staircase to the Ecumenical Temple.
  9177 | Temple   | Entered the Ecumenical Temple
  9339 | Temple   | Became a worshipper of Sif Muna the Loreminder
  9672 | D:7      | Reached XP level 10. HP: 70/70 MP: 13/16
 10144 | D:8      | Reached * piety under Sif Muna
 10346 | D:8      | Found a staircase to the Orcish Mines.
 10479 | D:8      | Found an ancient bone altar of Kikubaaqudgha.
 10626 | D:8      | Found a sparkling altar of Nemelex Xobeh.
 11109 | D:8      | Found an opulent altar of Gozag.
 11781 | D:8      | Found a snail-covered altar of Cheibriados.
 12217 | D:9      | Reached ** piety under Sif Muna
 12346 | D:9      | Found a sacrificial altar of Ru.
 12424 | D:9      | Reached skill level 5 in Fighting
 12601 | D:9      | Noticed a cyclops
 12920 | D:9      | Killed a cyclops
 12921 | D:9      | Reached skill level 1 in Summonings
 13059 | D:10     | Entered Level 10 of the Dungeon
 13307 | D:10     | Identified Eckepasi's Papyrus of Torrid Shape Shifting (Sif
                  | Muna gifted it to you on level 10 of the Dungeon)
 13307 | D:10     | Received a gift from Sif Muna
 13311 | D:10     | Learned a level 2 spell: Passwall
 13385 | D:10     | Gained mutation: You have hooves in place of feet. [demonic
                  | ancestry]
 13385 | D:10     | Reached XP level 11. HP: 81/81 MP: 5/17
 13462 | D:10     | Noticed a purple ugly thing
 13474 | D:10     | Killed a purple ugly thing
 13874 | D:10     | Noticed a cyclops
 14062 | D:10     | Noticed an orc knight
 14234 | Lair:1   | Entered Level 1 of the Lair of Beasts
 14336 | Lair:1   | Reached *** piety under Sif Muna
 14336 | Lair:1   | Reached skill level 5 in Spellcasting
 14616 | Lair:1   | Noticed Sonja
 14621 | Lair:1   | Killed Sonja
 14784 | Lair:1   | Found a runed translucent door.
 14784 | Lair:1   | Noticed yrara's ghost (novice DsFi)
 14935 | Lair:1   | Reached **** piety under Sif Muna
 15488 | Lair:2   | Found a corrupted altar of Lugonu.
 15489 | Lair:2   | Found a one-way gate to the infinite horrors of the Abyss.
 16204 | Lair:2   | Reached ***** piety under Sif Muna
 16434 | Lair:2   | Found a hole to the Spider Nest.
 16455 | Lair:2   | Identified Sif Muna's Collected Works on Ignition and
                  | Companions (Sif Muna gifted it to you on level 2 of the
                  | Lair of Beasts)
 16455 | Lair:2   | Received a gift from Sif Muna
 16735 | Lair:3   | Noticed a five-headed hydra
 16739 | Lair:3   | Killed a five-headed hydra
 16740 | Lair:3   | Gained mutation: You are immune to freezing clouds.
                  | [demonic ancestry]
 16740 | Lair:3   | Reached XP level 12. HP: 91/91 MP: 1/22
 16826 | Lair:3   | Learned a level 9 spell: Fire Storm
 16881 | Lair:3   | Got a silken robe
 17373 | Lair:3   | Identified the +2 robe "Vulasydgh" {MR- Str+6} (You found
                  | it on level 3 of the Lair of Beasts)
 17719 | Lair:4   | Found a gate leading to a gauntlet.
 17741 | Gauntlet | Entered a Gauntlet
 17741 | Gauntlet | Found a transporter.
 17748 | Gauntlet | Noticed a death ooze
 17749 | Gauntlet | Found a transporter.
 17750 | Gauntlet | Found the +2 Maxwell's thermic engine {flame, freeze}
 17751 | Gauntlet | Found a transporter.
 17753 | Gauntlet | Found a transporter.
 17779 | Gauntlet | Found a transporter.
 17781 | Gauntlet | Found a transporter.
 17792 | Gauntlet | Noticed a death ooze
 17793 | Gauntlet | Found a transporter.
 17810 | Gauntlet | Found a transporter.
 17816 | Gauntlet | Found a transporter.
 17832 | Gauntlet | Found a transporter.
 17851 | Gauntlet | Found a transporter.
 17863 | Gauntlet | Found a transporter.
 17875 | Gauntlet | Found a transporter.
 17887 | Gauntlet | Found a transporter.
 17899 | Gauntlet | Found a transporter.
 17899 | Gauntlet | Noticed a cacodemon
 17918 | Gauntlet | Found a transporter.
 17935 | Gauntlet | Found a transporter.
 17937 | Gauntlet | Found a transporter.
 18034 | Gauntlet | Mangled by a death ooze

Skill      XL: |  1  2  3  4  5  6  7  8  9 10 11 12 |
---------------+-------------------------------------+-----
Fire Magic     | 3 4 5 6 7 8 9 |  9.1
Conjurations   | 2 3 4 5 6 7 8 9 |  9.3
Fighting       | 1 3 6 7 |  7.0
Short Blades   | 1 4 |  4.0
Spellcasting   | 3 4 7 |  7.7
Dodging        | 5 7 |  7.0
Stealth        | 5 |  5.0
Summonings     | 3 |  3.0
Invocations    | 2 4 |  4.2

Action                   |  1- 3 |  4- 6 |  7- 9 | 10-12 || total
-------------------------+-------+-------+-------+-------++-------
Melee: Dagger            |       |    26 |    50 |    28 ||   104
       Kick              |       |     4 |    11 |     7 ||    22
 Cast: Flame Tongue      |    53 |   136 |   213 |   380 ||   782
       Conjure Flame     |       |     4 |     6 |    18 ||    28
       Sticky Flame      |       |       |     9 |    42 ||    51
       Fireball          |       |       |     3 |    33 ||    36
       Summon Butterflie |       |       |     6 |    27 ||    33
       Passwall          |       |       |       |     1 ||     1
Invok: Divine Energy     |       |       |       |    16 ||    16
       Stop Divine Energ |       |       |       |     1 ||     1
  Use: Scroll            |     2 |       |       |    21 ||    23
       Potion            |       |     2 |       |     3 ||     5
  Eat: Chunk             |     2 |    14 |    22 |    28 ||    66
       Ration            |       |       |     1 |     8 ||     9
Armor: Robe              |     5 |    25 |    23 |    56 ||   109
Dodge: Dodged            |    18 |    51 |    72 |   189 ||   330
